 Dungeon Crawl Stone Soup version 0.17-a0-2109-g117576f (webtiles) character file.

28 Kidiri the Magician (level 2, -1/16 HPs)
             Began as a Deep Elf Air Elementalist on Oct 19, 2015.
             Killed from afar by Robin (8 damage)
             ... with a wand of frost
             ... on level 2 of the Dungeon.
             The game lasted 00:05:24 (1426 turns).

Kidiri the Magician (Deep Elf Air Elementalist)     Turns: 1426, Time: 00:05:25

Health: -1/16      AC:  2    Str:  5    XL:     2   Next: 96%
Magic:  3/8        EV: 13    Int: 19    God:
Gold:   46         SH:  0    Dex: 15    Spells: 3 memorised, 2 levels left

rFire  . . .     SeeInvis .     g - +0 spear (freeze)
rCold  . . .     Clarity  .     a - +0 robe
rNeg   . . .     SustAt   .     (no shield)
rPois  .         Gourm    .     (no helmet)
rElec  .         Spirit   .     (no cloak)
rCorr  .         Warding  .     (no gloves)
rMut   .         Stasis   .     (no boots)
MR     .....                    (no amulet)
Stlth  ++........               (no ring)
                                (no ring)

@: not resistant to hostile enchantments, unstealthy
A: no striking features
a: no special abilities


You were on level 2 of the Dungeon.
You were not hungry.

You visited 1 branch of the dungeon, and saw 2 of its levels.

You collected 46 gold pieces.

Inventory:

Hand Weapons
 g - a +0 spear of freezing (weapon)
Armour
 a - a +0 robe (worn)
Scrolls
 d - a scroll of enchant armour {unknown}
 e - 6 scrolls of remove curse {unknown}
 h - a scroll of fog {unknown}
 j - a scroll of teleportation {unknown}
 k - 2 scrolls of identify {unknown}
Potions
 i - 2 potions of heal wounds {unknown}
Books
 b - a book of Air

   Spells                             Type                      Level
   a - Shock                          Conjuration/Air              1
   b - Swiftness                      Charms/Air                   2
   c - Repel Missiles                 Charms/Air                   2
   d - Static Discharge               Conjuration/Air              3
   e - Lightning Bolt                 Conjuration/Air              5
Comestibles
 c - 3 chunks of flesh
 f - 3 meat rations


   Skills:
 + Level 0.5 Fighting
 + Level 0.2 Polearms
 + Level 0.5 Armour
 + Level 2.5 Dodging
 + Level 2.8 Stealth
 + Level 0.1 Unarmed Combat
 * Level 3.2 Spellcasting
 + Level 1.7 Conjurations
 + Level 0.0 Charms
 + Level 3.0 Air Magic


You had 2 spell levels left.
You knew the following spells:

 Your Spells              Type           Power        Failure   Level  Hunger
a - Shock                 Conj/Air       ##..         8%          1    None
b - Repel Missiles        Chrm/Air       #.....       14%         2    ##.....
c - Swiftness             Chrm/Air       #.......     14%         2    ##.....


Dungeon Overview and Level Annotations

Branches:
Dungeon (2/15)

Altars:

Annotations:
D:2 Robin


Message History

The zap misses the goblin.
Robin shouts!
The goblin unwields an uncursed hunting sling.
The goblin hits you.
Unknown command.
Robin zaps a wand.
The puff of frost misses you.
It is a wand of frost.
The goblin misses you.
A rat comes into view.
Casting: Shock
Confirm with . or Enter, or press ? or * to list all spells.
Aiming: Shock
Press: ? - help, Shift-Dir - straight line, f/p - goblin
Aim: a goblin The zap hits the goblin.
The goblin is severely wounded.
The zap hits the goblin.
You kill the goblin!
Robin zaps a wand.
The puff of frost hits you!
Ouch! That really hurt!
You die...

......... ..
........# .#
#........ #(# #
......... #..##..
........###......#
.........†.......#
.....)...(........
......(.<.........
.....†)g@.....###.
#.............#
#).g........>..#
.................
..................
###.#..........(..
.g............##.
.r.............


You could see Robin, 2 goblins and a rat.

Vanquished Creatures
  2 ball pythons (D:1)
  3 bats
  A giant cockroach (D:1)
  4 goblins
  3 hobgoblins
  4 jackals (D:1)
  A giant newt (D:1)
  4 kobolds
  3 rats (D:1)
  A fungus (D:1)
26 creatures vanquished.

Notes
Turn   | Place    | Note
--------------------------------------------------------------
     0 | D:1      | Kidiri the Deep Elf Air Elementalist began the quest for the Orb.
     0 | D:1      | Reached XP level 1. HP: 10/10 MP: 6/6
   415 | D:1      | Reached XP level 2. HP: 15/15 MP: 6/8
   419 | D:1      | Learned a level 2 spell: Repel Missiles
   422 | D:1      | Learned a level 2 spell: Swiftness
  1424 | D:2      | Noticed Robin
  1426 | D:2      | Killed from afar by Robin

Vault maps used:
D:1:      sevenhm_arrival_forest_fort_large_4, minmay_crystal_room,
          minmay_shallow_snake_nest
D:2:      nicolae_overflow_hidden_temple, uniq_jessica, uniq_robin, uniq_sigmund

Action                   || total
-------------------------++-------
Melee: Spear             ||    23
 Cast: Shock             ||    43
 Stab: Sleeping          ||     2
  Eat: Bread ration      ||     1
